 Dungeon Crawl Stone Soup version 0.30-a0-883-g5ad918d77d (webtiles) character file.

Game seed: 16286216583066865442

4327 hikkokomori the Trooper (level 10, 0/75 (80) HPs)
             Began as a Merfolk Gladiator on Mar 17, 2023.
             Was an Elder of Okawaru.
             Slain by a wight
             ... wielding a +5 scimitar of freezing
              (2 damage)
             ... on level 9 of the Dungeon.
             The game lasted 00:16:18 (9559 turns).

hikkokomori the Trooper (Merfolk Gladiator)         Turns: 9559, Time: 00:16:19

HP:   0/75 (80)     AC: 12    Str: 21    XL:     10   Next: 33%
MP:   14/14         EV: 28    Int:  7    God:    Okawaru [****..]
Gold: 388           SH:  8    Dex: 19    Spells: 9/9 levels left

rFire   + . .      SeeInvis +    q - +3 hand axe "Uto Sac" {freeze, Will- Str+5 SInv}
rCold   . . .      Faith    .    p - +2 buckler
rNeg    + . .      Spirit   .    B - +3 ring mail {rF+}
rPois   .          Reflect  .    c - +0 helmet
rElec   .          Rampage  .    (no cloak)
rCorr   .                        k - +0 pair of gloves
Will    .....                    H - +1 pair of boots
Stlth   +++                      t - amulet of the acrobat
HPRegen 0.32/turn                F - ring of positive energy
MPRegen 0.14/turn                (no ring)

@: acrobatic, drained
A: (nimble swimmer 2), mertail
a: Renounce Religion, Heroism, Finesse


You were on level 9 of the Dungeon.
You worshipped Okawaru.
Okawaru was greatly pleased with you.
You visited 2 branches of the dungeon, and saw 10 of its levels.

You collected 608 gold pieces.
You spent 220 gold pieces at shops.

Inventory:

Hand Weapons
 a - a +0 long sword
 q - the +3 hand axe "Uto Sac" (weapon) {freeze, Will- Str+5 SInv}
   (You found it on level 2 of the Dungeon)

   Str:       It affects your strength (+5).
   SInv:      It lets you see invisible.
   Will:      It decreases your willpower.
 P - a +5 vampiric war axe
Missiles
 d - 4 throwing nets (quivered)
 G - a javelin
Armour
 b - a +0 leather armour
 c - a +0 helmet (worn)
 k - a +0 pair of gloves (worn)
 n - a +0 hat
 p - a +2 buckler (worn)
 y - a +1 leather armour of cold resistance
 B - a +3 ring mail of fire resistance (worn)
 E - a +0 plate armour
 H - a +1 pair of boots (worn)
 O - a +0 kite shield
 Q - +0 steam dragon scales
 U - a +0 plate armour of cold resistance
Jewellery
 t - an amulet of the acrobat (around neck)
 F - a ring of positive energy (left hand)
 T - an amulet of guardian spirit
Wands
 z - a wand of polymorph (10)
Scrolls
 g - 2 scrolls of enchant armour
 h - 6 scrolls of teleportation
 o - 2 scrolls of torment
 r - a scroll of butterflies
 v - a scroll of fog
 w - a scroll of fear
Potions
 e - a potion of invisibility {unknown}
 i - 3 potions of heal wounds
 l - 2 potions of mutation
 s - a potion of might
 x - 4 potions of flight
 A - a potion of ambrosia {unknown}
 C - a potion of attraction
 D - 2 potions of cancellation
 J - a potion of haste {unknown}
 K - a potion of lignification {unknown}
 N - 2 potions of brilliance


   Skills:
 + Level 7.7 Fighting
 - Level 5.4 Long Blades
 + Level 4.7 Axes
 - Level 2.0 Throwing
 - Level 2.8 Armour
 + Level 5.1 Dodging
 + Level 6.8 Stealth
 - Level 6.2 Shields
 - Level 5.5 Invocations


You had 9 spell levels left.
You didn't know any spells.
Your spell library contained the following spells:

 Spells                   Type           Power      Damage    Failure   Level
 Magic Dart               Conj           0%         1d3       67%         1
 Sandblast                Erth           0%         2d4       67%         1
 Cigotuvi's Dreadful Rot  Necr/Pois/Air  0%         N/A       82%         2
 Poisonous Vapours        Pois/Air       0%         N/A       82%         2
 Searing Ray              Conj           0%         2d4       82%         2
 Frozen Ramparts          Ice            0%         1d1       96%         3
 Mephitic Cloud           Conj/Pois/Air  0%         N/A       96%         3
 Fulminant Prism          Conj/Hex       0%         3d5       100%        4
 Ice Form                 Ice/Tmut       0%         N/A       100%        4
 Olgreb's Toxic Radiance  Pois           0%         N/A       100%        4
 Eringya's Noxious Bog    Tmut/Pois      0%         N/A       100%        6
 Shatter                  Erth           0%         3d5*      100%        9
 Summon Ice Beast         Ice/Summ       Unusable   N/A       N/A         4

Dungeon Overview and Level Annotations

Branches:
Dungeon (9/15)             Temple (1/1) D:4             Orc (0/2) D:9
   Lair: D:8-11

Altars:
Cheibriados
Fedhas
Hepliaklqana
Kikubaaqudgha
Makhleb
Okawaru
Sif Muna
Trog
Xom
Yredelemnul
Zin
Jiyva

Shops:
D:1 ?   D:5 [=

Portals:
Bailey: D:9

Annotations:
D:3 2 transporters, patfeehan111222's ghost, amateur MiBe
D:8 3 runed translucent doors, Darkkill's ghost, novice MiHu


Innate Abilities, Weirdness & Mutations

((You are very nimble when in or above water. (Stealth+, EV+, Speed+++)))
Your lower body shifts to a powerful aquatic tail in water.


Message History

You block the goblin's attack. The wight hits you with a +0 halberd.
You partially resist.
You feel drained. You block the orc's attack. The wight misses you.
You hear a shout!
You slash the wight!
You destroy the wight!
Okawaru accepts your kill.
You completely miss the wight. You hit the orc. You freeze the orc.
You kill the orc!
Okawaru accepts your kill.
You barely miss the wight.
You hear a shout!
The wight closely misses you. The orc wizard casts a spell at you.
You resist with significant effort. You block the goblin's attack.
The wight splashes around in the water.
You barely miss the wight. You hit the wight.
The wight hits you with a +5 scimitar of freezing.
The wight freezes you. The orc wizard casts a spell at you.
You are confused.
The goblin hits you but does no damage.
The wight splashes around in the water.
The wight hits you with a +5 scimitar of freezing!
The wight freezes you.
You feel better. You block the goblin's attack. The wight misses you.
The wight hits you with a +5 scimitar of freezing.
You partially resist.
You feel drained. The wight freezes you.
You hit the wight but do no damage.
The wight is moderately damaged.
You hit the wight but do no damage. You block the goblin's attack.
The wight splashes around in the water.
The wight hits you with a +5 scimitar of freezing!
* * * LOW HITPOINT WARNING * * *
The wight freezes you.
* * * LOW HITPOINT WARNING * * *
Okay, then.
The wight hits you with a +5 scimitar of freezing!
* * * LOW HITPOINT WARNING * * *
The wight freezes you.
You die...

#.≈##### #.~#...# #####
########.)..∩.#
....######.......))#
....'....'........~#####~.
....######.......)))~~~~~.
....# #......go).......
#)### #......zz.###....
#.# #......@.## .## ..#
#######+## # ### ### ..#
..# ..# ..# ..#


You could see 2 wights, an orc wizard (invisible) and a goblin.

Vanquished Creatures
  Eustachio (D:6)
  2 steam dragons
  Edmund (D:6)
  A water moccasin (D:7)
  4 orc warriors
  2 sky beasts
  A black bear (D:7)
  A swamp drake (D:8)
  An ice beast (D:5)
  3 ogres
  2 centaurs
  3 phantoms
  A kobold brigand (D:8)
  5 bullfrogs
  3 scorpions (D:5)
  9 wights
  6 killer bees
  A howler monkey (D:8)
  3 hounds
  5 orc priests
  A gnoll bouda (D:4)
  3 iguanas
  2 sleepcaps
  4 orc wizards
  Robin (D:3)
  10 gnolls
  12 adders
  A shadow imp (D:8)
  A white imp (D:7)
  8 worms
  2 dart slugs
  49 orcs
  2 bats
  2 endoplasms
  A giant cockroach (D:1)
  8 hobgoblins
  4 jackals
  7 quokkas
  7 ball pythons
  A frilled lizard (D:2)
  13 goblins
  9 kobolds
  3 rats
206 creatures vanquished.

Vanquished Creatures (others)
  An angel (D:8)
  11 plants (D:5)
12 creatures vanquished.

Grand Total: 218 creatures vanquished

Notes
Turn   | Place    | Note
-------+----------+-------------------------------------------
     0 | D:1      | hikkokomori the Merfolk Gladiator began the quest for the
                  | Orb.
     0 | D:1      | Reached XP level 1. HP: 16/16 MP: 1/1
   261 | D:1      | Reached XP level 2. HP: 21/23 MP: 2/2
   399 | D:1      | Found Meplyse's Magic Scroll Shoppe.
   415 | D:1      | Bought a scroll of teleportation for 33 gold pieces
   643 | D:1      | Reached skill level 3 in Fighting
   786 | D:2      | Reached XP level 3. HP: 29/29 MP: 3/3
   939 | D:2      | HP: 1/29 [worm (9)]
  1311 | D:2      | Reached XP level 4. HP: 34/36 MP: 4/4
  1539 | D:2      | Identified the +3 hand axe "Uto Sac" {freeze, Will- Str+5
                  | SInv}
  1592 | D:2      | Reached skill level 5 in Long Blades
  1866 | D:2      | Reached skill level 4 in Fighting
  2149 | D:3      | Found a transporter.
  2151 | D:3      | Found a transporter.
  2151 | D:3      | Noticed patfeehan111222's ghost (amateur MiBe)
  2235 | D:3      | Noticed Robin
  2246 | D:3      | Reached XP level 5. HP: 35/42 MP: 5/5
  2266 | D:3      | Killed Robin
  2541 | D:4      | Reached skill level 1 in Shields
  2956 | D:4      | Reached XP level 6. HP: 36/48 MP: 6/6
  3658 | D:4      | Found a staircase to the Ecumenical Temple.
  3706 | Temple   | Entered the Ecumenical Temple
  3712 | Temple   | Became a worshipper of Warmaster Okawaru
  4073 | D:5      | Entered Level 5 of the Dungeon
  4091 | D:5      | Reached skill level 1 in Invocations
  4101 | D:5      | Found Miext's Jewellery Shoppe.
  4320 | D:4      | Reached XP level 7. HP: 27/52 MP: 8/8
  4595 | D:5      | Found Bimn's Antique Armour Shop.
  4801 | D:5      | Reached * piety under Okawaru
  4806 | D:5      | Reached skill level 5 in Shields
  4809 | D:5      | HP: 1/54 [killer bee (7)]
  5063 | D:5      | Reached XP level 8. HP: 51/60 MP: 11/11
  5087 | D:5      | Reached skill level 5 in Invocations
  5187 | D:5      | Got Boats's Parchment of the Filthy Quarry
  5588 | D:5      | Bought a pair of glowing boots for 187 gold pieces
  6008 | D:6      | Reached ** piety under Okawaru
  6015 | D:6      | Reached skill level 1 in Axes
  6015 | D:6      | Reached skill level 1 in Stealth
  6201 | D:6      | Noticed Edmund
  6207 | D:6      | Reached skill level 5 in Fighting
  6232 | D:6      | Killed Edmund
  6399 | D:6      | Noticed Eustachio
  6456 | D:6      | Killed Eustachio
  6457 | D:6      | Reached XP level 9. HP: 48/69 MP: 13/13
  6905 | D:7      | Reached skill level 6 in Fighting
  6905 | D:7      | Reached skill level 1 in Armour
  7114 | D:7      | Reached *** piety under Okawaru
  7305 | D:7      | Reached skill level 5 in Stealth
  7984 | D:7      | You fall into a shaft and drop 1 floor!
  8353 | D:8      | Killed an angel
  8561 | D:8      | Reached skill level 7 in Fighting
  8574 | D:8      | Reached XP level 10. HP: 72/78 MP: 11/14
  8631 | D:8      | Found a runed translucent gate.
  8632 | D:8      | Found a runed translucent gate.
  8633 | D:8      | Found a runed translucent gate.
  8636 | D:8      | Found a viscous altar of Jiyva.
  8636 | D:8      | Noticed Darkkill's ghost (novice MiHu)
  8668 | D:8      | Found a glowing silver altar of Zin.
  8676 | D:8      | Found a shimmering altar of Xom.
  8722 | D:8      | Found a blossoming altar of Fedhas.
  8723 | D:8      | Found a basalt altar of Yredelemnul.
  8724 | D:8      | Found an ancient bone altar of Kikubaaqudgha.
  8724 | D:8      | Found a shimmering blue altar of Sif Muna.
  8899 | D:8      | Reached **** piety under Okawaru
  9330 | D:9      | Found a staircase to the Orcish Mines.
  9398 | D:9      | Reached skill level 5 in Dodging
  9525 | D:9      | Found a flagged portal.
  9559 | D:9      | HP: 2/75 [wight/+5 scimitar of freezing (7)]
  9559 | D:9      | Slain by a wight

Illustrated notes

Levels and vault maps discovered:
D:1:      psy_arrival_radial01, layout_loops_ring, serial_shops, shop_coins
D:2:      layout_basic, minmay_misc_feat_columns, kennysheep_cluttered_room
D:3:      layout_loops_ring, gammafunk_ghost_arena, kennysheep_another_room,
          uniq_robin
D:4:      layout_layer_cave, minmay_temple_entry_gardened_gates
D:5:      minmay_inner_zag, layout_basic, serial_shops,
          nicolae_inconvenience_store, serial_bayou, serial_bayou_ford_a,
          serial_bayou_pond_a, serial_bayou_pond_e, kennysheep_windowed_goal
D:6:      layout_rooms, uniq_eustachio, uniq_edmund
D:7:      layout_basic
D:8:      layout_cave_pools, grunt_temple_overflow_order_and_chaos_1,
          grunt_temple_overflow_open, gammafunk_ghost_ooze,
          hangedman_minor_gate_pass
D:9:      layout_roguey, minmay_overflow_temple_star_quad, hiddenorc2_lemuel,
          enter_bailey_3, corner_web_ring
Temple:   compressed_dpeg_triangle_lava_temple

Skill      XL: |  1  2  3  4  5  6  7  8  9 10 |
---------------+-------------------------------+-----
Long Blades    | 4 5 |  5.4
Fighting       | 3 4 5 7 |  7.7
Shields        | 2 4 5 6 |  6.2
Invocations    | 2 4 5 |  5.5
Axes           | 2 4 |  4.7
Stealth        | 3 5 6 |  6.8
Armour         | 2 |  2.8
Dodging        | 5 |  5.1
Throwing       | |  2.0

Action                     |  1- 3 |  4- 6 |  7- 9 | 10-12 || total
---------------------------+-------+-------+-------+-------++-------
  Melee: Long sword        |    79 |    18 |       |       ||    97
         Punch             |     1 |       |       |       ||     1
         Hand axe          |       |   145 |   341 |   171 ||   657
  Throw: Javelin           |       |       |     1 |       ||     1
         Throwing net      |       |       |     1 |       ||     1
 Invoke: Heroism           |       |       |     2 |       ||     2
  Evoke: Wand              |       |       |     1 |       ||     1
    Use: Potion            |       |       |     3 |     1 ||     4
         Scroll            |       |       |     7 |    12 ||    19
   Stab: Sleeping          |       |     2 |     1 |       ||     3
         Confused          |       |       |     1 |       ||     1
 Armour: Leather armour    |    15 |    25 |    21 |       ||    61
         Ring mail         |       |       |    94 |    41 ||   135
  Dodge: Dodged            |    46 |    96 |   279 |    88 ||   509
  Block: Buckler           |       |    50 |   164 |    81 ||   295

Table legend: (Time is in decaauts)
 A = Elapsed time spent in this place.
 B = Non-inter-level travel time spent in this place.
 C = Inter-level travel time spent in this place.
 D = Time resting spent in this place.
 E = Time spent auto-exploring this place.
 F = Levels seen in this place.
 G = Mean time per level.
                   A        B        C        D        E       F      G
               +--------+--------+--------+--------+--------+-----+--------+
         Total |   9701 |   9375 |    326 |    544 |   6895 |  10 |  970.1 |
       Dungeon |   9688 |   9373 |    315 |    544 |   6895 |   9 | 1076.4 |
        Temple |     12 |      1 |     11 |      0 |      0 |   1 |   12.0 |
               +--------+--------+--------+--------+--------+-----+--------+

Top non-repeatable levels by time:
     D:5: 1835 daAuts
     D:4: 1653 daAuts
     D:7: 1484 daAuts
     D:2: 1155 daAuts
     D:6: 897 daAuts
     D:8: 886 daAuts
     D:1: 774 daAuts
     D:3: 615 daAuts
     D:9: 387 daAuts
  Temple: 12 daAuts
